Unix NetHack Version 5.0.0-0 post-release - last build May  4 2026 22:22:43 (774f63e81ad911689b3a0859ea89b322d5daca8d,branch:main).

Game began 2026-05-06 03:33:57, ended 2026-05-06 04:03:57.

01246791210, neutral male human Barbarian

                                   --
                                ---.--
   --        --------------------....|
   |..   -----%.....h..*..$.......^.-
 ---*..........----.......--------.--
 |..... ----...---....^...|       ..
 --....----....<.........--       --
   -..`.--..............--
   |...............--.---  ---
   --............@----------.----
    |-..........G.-- ---........|
    |.......)..))..---..........|
    --.............*..........---
     |..............|........--
     --.....!`......|-.......|
      --.........-----.......|
       -----.....|  |........--
           --....|  --........|
            |.----   |.......--
            ---      --.--.---
                      ------
01246791210 the Pillager   St:17 Dx:16 Co:18 In:8 Wi:8 Ch:8  Neutral
Dlvl:4  $:37 HP:0(57) Pw:11(11) AC:7  Xp:5 T:2806 

Latest messages:
 Your green mold corpse rots away.
 Really step onto that falling rock trap? [yn] (n) n
 Really step onto that falling rock trap? [yn] (n) y
 There is a falling rock trap here.
 You see here a black gem.
 A trap door in the ceiling opens and a rock falls on your head!
 The gnome is hit by a rock!
 The gnome is killed!
 Really step onto that falling rock trap? [yn] (n) y
 There are several objects here.
 A trap door in the ceiling opens and a rock falls on your head!
 The gnome shoots 2 arrows!
 You are hit by the 1st arrow!
 You are hit by the 2nd arrow.
 The gnome lord hits!
 You kill the gnome!
 The gnome lord hits!
 C - 2 arrows.
 D - a bow.
 w - a dart (11 in total).
 You have a little trouble lifting a dwarvish roundshield.  Continue? [ynq] (q) n
 The gnome lord picks up a dwarvish roundshield.
 The gnome lord hits!
 The gnome lord throws a dart!
 You are hit by a dart.
 You smite the gnome lord!
 The gnome lord hits!
 The gnome lord throws 2 darts!
 The 1st dart misses you.
 You are hit by the 2nd dart.
 You kill the gnome lord!
 Welcome to experience level 5.
 The gnome picks up a dwarvish roundshield.
 You kill the gnome!
 The gnome lord hits!
 You see a cave spider hatch.
 There are several objects here.
 The gnome lord hits!
 The cave spider bites!
 The gnome lord hits!
 You kill the cave spider!
 The gnome lord hits!
 The gnome lord hits!
 The gnome lord hits!
 You die...
 Do you want your possessions identified? [ynq] (y) n
 Do you want to see your attributes? [ynq] (y) n
 Do you want an account of creatures vanquished? [ynaq] (y) n
 Do you want to see your conduct and achievements? [ynq] (y) n
 Do you want to see the dungeon overview? [ynq] (y) n

Inventory:
 Coins    ('$')
  $ - 37 gold pieces
 Weapons  (')')
  C - 2 +0 arrows
  m - 8 cursed +0 crossbow bolts
  D - a blessed +2 bow
  w - 11 cursed -1 darts
  x - 4 +0 daggers
  y - a rusty +0 dagger
  f - a cursed +0 orcish dagger
  b - a +0 axe (alternate weapon; not wielded)
  a - a +0 two-handed sword (weapon in hands)
 Armor    ('[')
  g - an uncursed +0 orcish helm
  c - an uncursed +0 ring mail (being worn)
 Comestibles  ('%')
  o - an uncursed food ration
 Wands    ('/')
  t - a wand of make invisible (0:7)
 Tools    ('(')
  B - an uncursed figurine of a flesh golem
  e - an uncursed oil lamp
  z - an uncursed wax candle
 Gems/Stones  ('*')
  A - 2 uncursed worthless pieces of black glass
  k - an uncursed worthless piece of green glass
  n - 18 uncursed rocks

01246791210 the Barbarian's attributes:

Background:
 You were a Pillager, a level 5 male human Barbarian.
 You were neutral, nominally on a mission for Crom
 who was opposed by Mitra (lawful) and Set (chaotic).
 You were right-handed.
 You were in the Gnomish Mines, on level 4.
 You entered the dungeon 2806 turns ago.
 It was nighttime.
 You had 181 experience points, 139 more were needed to attain level 6.

Basics:
 You had 0 out of 57 hit points.
 You had all 11 energy points (spell power).
 Your armor class was 7.
 Your wallet contained 37 zorkmids.
 Autopickup was off.

Final Characteristics:
 Your strength was 17 (limit:18/100).
 Your dexterity was 16 (limit:18).
 Your constitution was 18 (limit:18).
 Your intelligence was 8 (limit:18).
 Your wisdom was 8 (limit:18).
 Your charisma was 8 (limit:18).

Final Status:
 You weren't hungry.
 You were unencumbered.
 You were wielding a two-handed sword.
 You had basic skill with two-handed sword.

Final Attributes:
 You were piously aligned.
 You were poison resistant.
 You were warded.
 You are dead.

Miscellaneous:
 You didn't encounter any bones levels.
 Total elapsed playing time was 26 minutes and 49 seconds.

Major events:
 Turn
    1: 01246791210 the neutral male human Barbarian entered the dungeon
 1879: attained the rank of Pillager (level 3)
 2601: entered the Gnomish Mines
 2806: killed by a gnome lord

You didn't know any spells.

Skills:
 Fighting Skills
   bare handed combat [Basic]
   two weapon combat  [Unskilled]
   riding             [Unskilled]
 Weapon Skills
   dagger             [Unskilled]
   axe                [Basic]
   pick-axe           [Unskilled]
   short sword        [Unskilled]
   broadsword         [Unskilled]
   long sword         [Unskilled]
   two-handed sword   [Basic]
   saber              [Unskilled]
   club               [Unskilled]
   mace               [Unskilled]
   morning star       [Unskilled]
   flail              [Unskilled]
   hammer             [Unskilled]
   quarterstaff       [Unskilled]
   spear              [Unskilled]
   trident            [Unskilled]
   bow                [Unskilled]
 Spellcasting Skills
   attack spells      [Unskilled]
   escape spells      [Unskilled]

Voluntary challenges:
 Character rerolling was not enabled.
 You were an atheist.
 You were illiterate.
 You never genocided any monsters.
 You never polymorphed an object.
 You never changed form.
 You used no wishes.
Achievements:
 You attained the rank of Pillager.
 You entered the Gnomish Mines.

 The Dungeons of Doom: levels 1 to 3
    Level 1:
    Level 2:
       Many fountains.
    Level 3:
       Stairs down to The Gnomish Mines.
 The Gnomish Mines:
    Level 4: <- You were here.
       Final resting place for
          you, killed by a gnome lord.


Vanquished creatures:
  a shrieker
  2 gnome leaders
  a kitten
  a dwarf
  a dwarf zombie
  a cave spider
  a yellow mold
  a green mold
  9 gnomes
  2 gnome zombies
  a gecko
  4 jackals
  2 foxes
  2 goblins
  2 sewer rats
  9 grid bugs
  5 lichens
  2 kobold zombies
  6 newts
53 creatures vanquished.

No species were genocided or became extinct.

Game over:
                       ----------
                      /          \
                     /    REST    \
                    /      IN      \
                   /     PEACE      \
                  /                  \
                  |   01246791210    |
                  |      37 Au       |
                  |   killed by a    |
                  |    gnome lord    |
                  |                  |
                  |                  |
                  |       2026       |
                 *|     *  *  *      | *
        _________)/\\_//(\/(/\)/\//\/|_)_______

Goodbye 01246791210 the Barbarian...

You died in The Gnomish Mines on dungeon level 4 with 908 points,
and 37 pieces of gold, after 2806 moves.
You were level 5 with a maximum of 57 hit points when you died.

